 Dungeon Crawl Stone Soup version 0.27-a0-1532-gca18f49f40 (webtiles) character file.

Game seed: 4568230982611616323

62 Sin92 the Skirmisher (level 3, 0/29 HPs)
             Began as a Demonspawn Fighter on July 12, 2021.
             Slain by a black bear (7 damage)
             ... on level 2 of the Dungeon.
             The game lasted 00:03:51 (1360 turns).

Sin92 the Skirmisher (Demonspawn Fighter)           Turns: 1360, Time: 00:03:52

Health: 0/29       AC:  7    Str: 17    XL:     3   Next: 85%
Magic:  3/3        EV:  7    Int:  9    God:
Gold:   543        SH: 11    Dex: 12    Spells: 2/2 levels left

rFire    + . .     SeeInvis .   a - +1 war axe
rCold    + . .     Faith    .   c - +2 kite shield
rNeg     . . .     Spirit   .   b - +0 scale mail
rPois    +         Reflect  .   (no helmet)
rElec    +         Harm     .   (no cloak)
rCorr    +         Rampage  .   j - +0 pair of gloves
Will     .....                  (no boots)
Stlth    ..........             (no amulet)
HPRegen  0.09/turn              (no ring)
MPRegen  0.08/turn              (no ring)

@: resistant
A: powered by pain 1
a: no special abilities


You were on level 2 of the Dungeon.
You visited 1 branch of the dungeon, and saw 2 of its levels.

You collected 543 gold pieces.

Inventory:

Hand Weapons
 a - a +1 war axe (weapon)
Armour
 b - a +0 scale mail (worn)
 c - a +2 kite shield (worn)
 j - a +0 pair of gloves (worn)
Potions
 d - a potion of might
 i - a potion of ambrosia


   Skills:
 + Level 3.3 Fighting
 * Level 2.7 Axes
 + Level 3.0 Armour
 + Level 1.0 Dodging
 + Level 3.0 Shields


You had 2 spell levels left.
You didn't know any spells.
Your spell library was empty.

Dungeon Overview and Level Annotations

Branches:
Dungeon (2/15)

Altars:

Shops:
D:1 [*?=?


Innate Abilities, Weirdness & Mutations

You sometimes gain a little power by taking damage.


Message History

The black bear is severely wounded.
You closely miss the adder. The adder bites you.
You block the black bear's attack.
The black bear claws you but does no damage.
You block the black bear's attack. The adder bites you but does no damage.
The black bear bites you but does no damage.
You block the black bear's attack.
The black bear claws you but does no damage.
You block the adder's attack.
You hit the adder.
The adder is moderately wounded.
You block the adder's attack. The adder bites you.
You are poisoned.
The adder poisons you!
You hit the adder.
The adder is almost dead.
You feel sick. The adder bites you. The adder completely misses you.
Unknown command.
You slash the adder!
You kill the adder!
You feel sick.
Your Dodging skill increases to level 1!
You completely miss the black bear.
The black bear is heavily wounded.
You feel sick.
You are no longer poisoned.
The black bear barely misses you. The black bear claws you.
* * * LOW HITPOINT WARNING * * *
You block the black bear's attack.
The black bear bites you but does no damage.
You block the black bear's attack. The black bear closely misses you.
You barely miss the black bear.
The black bear is heavily wounded.
You block the black bear's attack.
The black bear claws you but does no damage.
You block the black bear's attack.
It was a potion of resistance.
You feel protected. The black bear bites you!
You die...

...# # .........<#
...# #####.#
#.#......# .......
###.#....†.######
.......
..............<#
.......
.#.#......###..#
.......
###......####..##
.....
##....##.†.....#
#.†###..#.###...#####
#...h@##.##....#
#...####.##..#...#
#....# #..#..###..#
...##...##....# #.#
..##. ##.. ..#.# ...
.. ## #....#.# .. #
#...#.. ..


You could see a black bear.

Vanquished Creatures
  An adder (D:2)
  A worm (D:2)
  2 dart slugs
  4 endoplasms
  7 giant cockroaches
  2 goblins (D:1)
  3 hobgoblins
  6 kobolds
  3 quokkas
  5 ball pythons
  2 bats (D:1)
  4 frilled lizards
  4 rats
44 creatures vanquished.

Vanquished Creatures (others)
  A giant cockroach (D:1)
1 creature vanquished.

Grand Total: 45 creatures vanquished

Notes
Turn   | Place    | Note
-------+----------+-------------------------------------------
     0 | D:1      | Sin92 the Demonspawn Fighter began the quest for the Orb.
     0 | D:1      | Reached XP level 1. HP: 18/18 MP: 1/1
   358 | D:1      | Gained mutation: You sometimes gain a little power by
                  | taking damage. [demonic ancestry]
   358 | D:1      | Reached XP level 2. HP: 22/24 MP: 2/2
   572 | D:1      | Found Ramp's Antique Armour Shop.
   586 | D:1      | Found Bytoul's Magic Scroll Boutique.
   599 | D:1      | Found Avaerch's General Store.
   683 | D:1      | Found Poops's Magic Scroll Emporium.
   688 | D:1      | Found Uhesoag's Jewellery Shop.
   702 | D:1      | Reached XP level 3. HP: 11/29 MP: 3/3
  1102 | D:2      | Noticed a black bear
  1137 | D:2      | Identified a scroll of acquirement
  1137 | D:2      | Acquired 509 gold pieces
  1243 | D:2      | Found a faded altar of an unknown god.
  1358 | D:2      | Reached skill level 1 in Dodging
  1360 | D:2      | Slain by a black bear

Illustrated notes

Levels and vault maps discovered:
D:1:      scummos_arrival_forest, layout_rooms, serial_shops,
          nicolae_shop_behind_doors, nicolae_shop_waterfront, shop,
          nicolae_square_shop, shop, lemuel_old_faithful
D:2:      layout_rooms, shapermc_ecumenical_altar_notcrosses,
          corexii_hall_statues_x, minmay_misc_feat_roman

Skill      XL: |  1  2  3 |
---------------+----------+-----
Axes           | 2 |  2.7
Shields        | 3 |  3.0
Armour         | 3 |  3.0
Dodging        | 1 |  1.0
Fighting       | |  3.3

Action                   || total
-------------------------++-------
Melee: War axe           ||   108
  Use: Scroll            ||     6
       Potion            ||     1
Armor: Scale mail        ||    61
Dodge: Dodged            ||    46
Block: Kite shield       ||    75

Table legend: (Time is in decaauts)
 A = Elapsed time spent in this place.
 B = Non-inter-level travel time spent in this place.
 C = Inter-level travel time spent in this place.
 D = Time resting spent in this place.
 E = Time spent auto-exploring this place.
 F = Levels seen in this place.
 G = Mean time per level.
                   A        B        C        D        E       F      G
               +--------+--------+--------+--------+--------+-----+--------+
         Total |   1429 |   1363 |     66 |    224 |    769 |   2 |  714.5 |
       Dungeon |   1429 |   1363 |     66 |    224 |    769 |   2 |  714.5 |
               +--------+--------+--------+--------+--------+-----+--------+

Top non-repeatable levels by time:
     D:1: 1175 daAuts
     D:2: 253 daAuts
